 Dungeon Crawl Stone Soup version 0.17-a0-2122-g03d97ec (webtiles) character file.

338 nicanaca0 the Cleaver (level 6, 0/51 HPs)
             Began as a Minotaur Berserker on Oct 21, 2015.
             Was a Believer of Trog.
             Slain by an orc (4 damage)
             ... on level 3 of the Dungeon.
             The game lasted 00:05:37 (1356 turns).

nicanaca0 the Cleaver (Minotaur Berserker)          Turns: 1356, Time: 00:05:38

Health: 0/51       AC:  4    Str: 22    XL:     6   Next: 29%
Magic:  5/5        EV: 12    Int:  4    God:    Trog [**....]
Gold:   130        SH:  0    Dex: 11    Spells: 0 memorised, 5 levels left

rFire  . . .     SeeInvis .     a - +0 hand axe
rCold  . . .     Clarity  .     k - +0 leather armour
rNeg   . . .     SustAt   .     (no shield)
rPois  .         Gourm    .     (helmet restricted)
rElec  .         Spirit   .     (no cloak)
rCorr  .         Warding  .     (no gloves)
rMut   .         Stasis   .     e - +0 pair of boots
MR     .....                    (no amulet)
Stlth  +.........               (no ring)
                                (no ring)

@: exhausted, slowed, very slow, not resistant to hostile enchantments, very
unstealthy
A: retaliatory headbutt, horns 2
a: Berserk, Trog's Hand, Burn Spellbooks, Renounce Religion


You were on level 3 of the Dungeon.
You worshipped Trog.
Trog was pleased with you.
You were very hungry.

You visited 1 branch of the dungeon, and saw 3 of its levels.

You collected 130 gold pieces.

Inventory:

Hand Weapons
 a - a +0 hand axe (weapon)
Missiles
 d - 17 stones (quivered)
Armour
 b - a +0 animal skin
 e - a +0 pair of boots (worn)
 k - a +0 leather armour (worn)
Scrolls
 f - 3 scrolls of blinking {unknown}
 h - a scroll of immolation {unknown}
 i - a scroll of magic mapping {unknown}
 l - 2 scrolls of amnesia {unknown}
Potions
 g - 3 potions of cancellation {unknown}
 j - a potion of flight {unknown}
 m - a potion of magic {unknown}
 o - 2 potions of curing {unknown}
Comestibles
 c - a bread ration


   Skills:
 - Level 3.6 Fighting
 + Level 8.6 Axes
 - Level 2.4 Armour
 - Level 2.1 Dodging


You had 5 spell levels left.
You didn't know any spells.

Dungeon Overview and Level Annotations

Branches:
Dungeon (3/15)

Altars:
Elyvilon
Qazlal


Innate Abilities, Weirdness & Mutations

You reflexively headbutt those who attack you in melee.
You have a pair of horns on your head.


Message History

Your experience leads to an increase in your attributes!
Your base attributes are Str 22, Int 4, Dex 10.
Increase (S)trength, (I)ntelligence, or (D)exterity?
You feel agile. Something hits you but does no damage.
Items here: )) [[ a scimitar; a plate armour; a dagger; a ring mail You closely miss something.
You headbutt something. You closely miss something.
Something hits you but does no damage.
You miss something. You headbutt something. Trog accepts your kill.
Trog appreciates your killing of a magic user.
Reactivating autopickup.
You feel a bit more experienced.
You are no longer berserk.
You are exhausted.
You feel yourself slow down.
You are feeling very hungry.
The orc hits you.
You die...

..#.. ###
..#..
#........
#.#......
#.#......
#........
#o....... #@#
#)# # #.#
#.#### ###.#
#..<.# #...#
# ####.#
#.###..#
#.####.^....#
#.).........#
#############


You could see an orc.

Vanquished Creatures
  Sigmund (D:2)
  An orc warrior (D:3)
  An orc wizard (D:3)
  An adder (D:2)
  2 oozes (D:1)
  2 worms (D:2)
  A giant gecko (D:2)
  An orc (D:3)
  4 bats
  3 goblins
  7 hobgoblins (D:1)
  2 ball pythons
  A giant newt (D:1)
  5 kobolds
  2 rats
34 creatures vanquished.

Notes
Turn   | Place    | Note
--------------------------------------------------------------
     0 | D:1      | nicanaca0 the Minotaur Berserker began the quest for the Orb.
     0 | D:1      | Reached XP level 1. HP: 19/19 MP: 0/0
    44 | D:1      | Reached skill level 4 in Axes
    50 | D:1      | Reached XP level 2. HP: 26/26 MP: 1/1
   397 | D:1      | Reached skill level 5 in Axes
   605 | D:2      | Found a stormy altar of Qazlal.
   616 | D:2      | Reached XP level 3. HP: 31/31 MP: 2/2
   711 | D:2      | Reached ** piety under Trog
  1027 | D:2      | Noticed Sigmund
  1029 | D:2      | Found a white marble altar of Elyvilon.
  1036 | D:2      | Killed Sigmund
  1036 | D:2      | Reached skill level 7 in Axes
  1036 | D:2      | Reached XP level 4. HP: 39/39 MP: 3/3
  1036 | D:2      | Reached XP level 5. HP: 45/45 MP: 4/4
  1330 | D:3      | Noticed an orc warrior
  1351 | D:3      | Killed an orc warrior
  1351 | D:3      | Reached skill level 8 in Axes
  1351 | D:3      | Reached XP level 6. HP: 4/51 MP: 5/5
  1356 | D:3      | Slain by an orc

Vault maps used:
D:1:      dpeg_arrival_tiny_h
D:2:      overflow_temple_1_default, elyvilon_altar_5, minmay_misc_feat_square,
          uniq_sigmund
D:3:      cheibriados_altar_1, uniq_natasha

Action                   |  1- 3 |  4- 6 || total
-------------------------+-------+-------++-------
Melee: Hand axe          |    49 |    29 ||    78
Throw: Stone             |     8 |       ||     8
Invok: Berserk           |     1 |     1 ||     2
       Trog's Hand       |     1 |       ||     1
  Eat: Chunk             |       |     2 ||     2
